 Dungeon Crawl Stone Soup version 0.24-a0-48-g0ecae65 (webtiles) character file.

Game seed: 768239742629539721

114 Lanoc the Skirmisher (level 4, -3/37 HPs)
             Began as a Demonspawn Monk on Feb 3, 2019.
             Slain by Lanoc's ghost (11 damage)
             ... on level 2 of the Dungeon.
             The game lasted 00:05:13 (2481 turns).

Lanoc the Skirmisher (Demonspawn Monk)              Turns: 2481, Time: 00:05:14

Health: -3/37      AC:  2    Str: 17    XL:     4   Next: 66%
Magic:  4/4        EV: 13    Int: 11    God:
Gold:   135        SH:  0    Dex: 16    Spells: 3/3 levels left

rFire    . . .     SeeInvis .   a - +0 falchion
rCold    . . .     Gourm    .   (no shield)
rNeg     . . .     Faith    +   b - +0 robe
rPois    .         Spirit   .   (no helmet)
rElec    .         Reflect  .   (no cloak)
rCorr    .         Harm     .   (no gloves)
MR       .....                  (no boots)
Stlth    ++........             e - amulet of faith
HPRegen  0.12/turn              (no ring)
MPRegen  0.09/turn              (no ring)

@: mighty, flying, drained
A: claws 1, rot immunity
a: no special abilities


You were on level 2 of the Dungeon.
You were not hungry.

You visited 1 branch of the dungeon, and saw 3 of its levels.

You collected 135 gold pieces.

Inventory:

Hand Weapons
 a - a +0 falchion (weapon)
Armour
 b - a +0 robe (worn)
Jewellery
 e - an amulet of faith (around neck)
Scrolls
 d - 2 scrolls of remove curse {unknown}
 f - 3 scrolls of identify {unknown}
 g - a scroll of blinking {unknown}
 i - 5 scrolls of teleportation {unknown}
 m - a scroll of fog {unknown}
Potions
 h - a potion of lignification {unknown}
 k - a potion of flight
Comestibles
 c - 8 rations
 n - 5 chunks of flesh


   Skills:
 + Level 3.9(3.2) Fighting
 - Level 2.6(1.9) Long Blades
 + Level 2.0(1.3) Armour
 + Level 3.6(2.8) Dodging
 - Level 1.7(1.0) Stealth


You had 3 spell levels left.
You didn't know any spells.
Your spell library was empty.

Dungeon Overview and Level Annotations

Branches:
Dungeon (3/15)

Altars:
Ru
Beogh

Annotations:
D:2 Lanoc's ghost, weakling MiMo


Innate Abilities, Weirdness & Mutations

You have sharp fingernails.
You are immune to rotting.


Message History

The orc hits you from afar with a +0 trident.
The orc barely misses you.
It was a potion of curing.
You feel better. The orc misses you. Lanoc's ghost closely misses you.
You riposte.
You hit Lanoc's ghost.
Lanoc's ghost is heavily damaged.
The orc hits you from afar with a +0 trident!
The orc hits you with a +0 flail!
The orc hits you from afar with the +4 spear "Gigh" {drain, +Rage rElec}.
You feel drained. Lanoc's ghost barely misses you. The orc barely misses you.
You fly upwards.
There is a stone staircase leading down here.
You barely miss the orc. The orc hits you with a +0 flail!
* * * LOW HITPOINT WARNING * * *
You closely miss the orc. The orc barely misses you.
You slash the orc!
You kill the orc!
You closely miss Lanoc's ghost.
Lanoc's ghost is heavily damaged.
Lanoc's ghost hits you!
You die...

# #.# #.# #.# # #.# #.# #.# # #.#
#.# #.# # #.# #.# #.# # #.# #.#
#.# # #(# #.# #.# # #.# #.#####.#
##############.##########.......#
...............W@.รท........######
############...###########.# #
#.### ##.# # #.# #..# # #.# #.## #
#.# #.# # #.#### #.# # #.#..## #.#
# #.....## #.#


You could see Lanoc's ghost.

Vanquished Creatures
  4 adders (D:2)
  A worm (D:2)
  A dart slug (D:2)
  A leopard gecko (D:1)
  3 orcs
  4 giant cockroaches
  7 goblins
  4 hobgoblins (D:2)
  7 jackals (D:1)
  2 quokkas (D:2)
  A ball python (D:2)
  8 bats
  2 frilled lizards
  9 kobolds
  13 rats
67 creatures vanquished.

Notes
Turn   | Place    | Note
-------+----------+-------------------------------------------
     0 | D:1      | Lanoc the Demonspawn Monk began the quest for the Orb.
     0 | D:1      | Reached XP level 1. HP: 18/18 MP: 1/1
   271 | D:1      | Gained mutation: You are immune to rotting. [demonic
                  | ancestry]
   271 | D:1      | Reached XP level 2. HP: 23/24 MP: 2/2
   375 | D:1      | Reached skill level 1 in Armour
   701 | D:1      | Reached XP level 3. HP: 28/29 MP: 3/3
  1883 | D:2      | Gained mutation: You have sharp fingernails. [demonic
                  | ancestry]
  1883 | D:2      | Reached XP level 4. HP: 32/37 MP: 4/4
  2004 | D:2      | Found a sacrificial altar of Ru.
  2456 | D:3      | Found a runed translucent gate.
  2456 | D:3      | Found a runed translucent gate.
  2456 | D:3      | Found a runed translucent gate.
  2456 | D:3      | Noticed Lanoc's ghost (weakling MiMo)
  2459 | D:3      | Found a roughly hewn altar of Beogh.
  2461 | D:3      | Identified the +4 spear "Gigh" {drain, +Rage rElec}
  2481 | D:2      | Slain by Lanoc's ghost

Vault maps used:
D:1:      nzn_arrival_water_spiral
D:2:      marbit_many_paths, serial_forest, infiniplex_forest_clump_long,
          infiniplex_forest_corner_1, infiniplex_forest_clump_small,
          infiniplex_forest_clump_curved
D:3:      first_ration, biasface_ghost_orc_armoury, kennysheep_generic_room_9,
          uniq_natasha

Skill      XL: |  1  2  3  4 |
---------------+-------------+-----
Dodging        | 3 |  3.6
Armour         | 1 2 |  2.0
Fighting       | |  3.9
Long Blades    | |  2.6
Stealth        | |  1.7

Action                   |  1- 3 |  4- 6 || total
-------------------------+-------+-------++-------
Melee: Falchion          |   139 |    66 ||   205
  Use: Potion            |       |     4 ||     4
 Stab: Sleeping          |     9 |     2 ||    11
  Eat: Chunk             |     3 |     2 ||     5
Armor: Robe              |    27 |    20 ||    47
Dodge: Dodged            |   121 |    80 ||   201
       Rpst.: Falchion   |    41 |    26 ||    67

Table legend:
 A = Non-vault XP
 B = Vault XP
 C = Vault XP percentage of total XP
 D = Non-vault monster count
 E = Vault monster count
 F = Vault count percentage of total count
                 A         B        C        D         E       F
            +---------+---------+-------+---------+---------+-------
      Total |     153 |      10 |   6.1 |      63 |       4 |   6.0
            +---------+---------+-------+---------+---------+-------
        D:1 |      56 |       0 |   0.0 |      36 |       0 |   0.0
        D:2 |      96 |       4 |   4.0 |      26 |       2 |   7.1
        D:3 |       1 |       6 |  85.7 |       1 |       2 |  66.7
            +---------+---------+-------+---------+---------+-------
